 Dungeon Crawl Stone Soup version 0.13-a0-2979-gb6a86b3 (webtiles) character file.

111 PolkaDot the Sneak (level 3, 0/22 HPs)
             Began as a Vampire Wizard on Sept 7, 2013.
             Slain by Ijyb
             ... wielding a +0,+0 club
              (2 damage)
             ... on Level 2 of the Dungeon.
             The game lasted 00:07:00 (1648 turns).

PolkaDot the Sneak (Vampire Wizard)                 Turns: 1648, Time: 00:07:01

HP   0/22        AC  4     Str  6      XL: 3   Next: 26%
MP   1/10        EV 12     Int 26      God:
Gold 72          SH  0     Dex 12      Spells:  3 memorised,  1 level left

Res.Fire  : . . .   See Invis. : +   l - +1,+2 sabre
Res.Cold  : . . .   Warding    : .   a - +0 robe
Life Prot.: . . .   Conserve   : .   (no shield)
Res.Poison: .       Res.Corr.  : .   b - +0 wizard hat
Res.Elec. : .       Clarity    : .   (no cloak)
Sust.Abil.: . .     Spirit.Shd : .   i - +0 pair of gloves
Res.Mut.  : .       Stasis     : .   g - +0 pair of boots
Res.Rott. : .       Flight     : .   (no amulet)
Saprovore : . . .                    (no ring)
                                     (no ring)

@: regenerating quickly, brilliant, mildly poisoned, slightly resistant to
hostile enchantments, stealthy
A: fangs 3, see invisible, unbreathing
a: no special abilities


You were on level 2 of the Dungeon.
You were full.

You visited 1 branch of the dungeon, and saw 2 of its levels.

You collected 52 gold pieces.

Inventory:

Hand weapons
 l - a +1,+2 sabre (weapon)
Armour
 a - a +0 robe (worn)
 b - a +0 wizard hat (worn)
 g - a +0 pair of boots (worn)
 i - a +0 pair of gloves (worn)
Scrolls
 k - a scroll of identify
Books
 c - a book of Minor Magic

   Spells                             Type                      Level
   *Magic Dart                        Conjuration                  1
   Blink                              Translocation                2
   Call Imp                           Summoning                    2
   Repel Missiles                     Charms/Air                   2
   Slow                               Hexes                        2
   *Conjure Flame                     Conjuration/Fire             3
   *Mephitic Cloud                    Conjuration/Poison/Air       3


   Skills:
 - Level 2.1 Dodging
 - Level 3.0 Stealth
 - Level 3.0 Spellcasting
 * Level 2.3 Conjurations
   Level 1.0 Summonings
   Level 0.7 Translocations


You had one spell level left.
You knew the following spells:

 Your Spells              Type           Power        Failure   Level  Hunger
a - Magic Dart            Conj           ####         1%          1    None
d - Mephitic Cloud        Conj/Pois/Air  ###.....     2%          3    ###....
s - Conjure Flame         Conj/Fire      ####....     2%          3    ###....


Dungeon Overview and Level Annotations

Branches:
Dungeon (2/27)

Altars:

Annotations:
D:2 Ijyb


Innate Abilities, Weirdness & Mutations

Your natural rate of healing is unusually fast.
You have razor-sharp teeth.*
You have supernaturally acute eyesight.
You can survive without breathing.*


Message History

Yummy - fresh blood!
The adder closely misses you.
Read which item? (? for menu, Esc to quit)
As you read the scroll labeled TWEDWU BLESILA, it crumbles to dust.
Use on which item? (\ to view known items) (? for menu, Esc to quit)
Nothing appears to happen.
* * * LOW HITPOINT WARNING * * *
You feel sick. Ijyb barely misses you. The adder closely misses you.
Read which item? (? for menu, Esc to quit)
As you read the scroll labeled LEFINA ZIBAOR, it crumbles to dust.
Use on which item? (\ to view known items) (? for menu, Esc to quit)
Nothing appears to happen.
The adder closely misses you. Ijyb hits you but does no damage.
The adder closely misses you.
Read which item? (? for menu, Esc to quit)
As you read the scroll labeled QYTO THULEG, it crumbles to dust.
Use on which item? (\ to view known items) (? for menu, Esc to quit)
l - a +1,+2 sabre (weapon)
It was a scroll of identify.
* * * LOW HITPOINT WARNING * * *
You feel sick. Ijyb hits you with a club.
You die...

(.. ........#
.........#
..........#
...........#
...........####
...............
#................
##.......@........
........Sg.#...$..
...........# ...
............# .
............#
#########...#
#####


You could see Ijyb and an adder.

Vanquished Creatures
  3 oozes (D:1)
  6 bats
  3 goblins (D:1)
  5 hobgoblins (D:1)
  5 jackals (D:1)
  3 giant newts (D:1)
  2 kobolds (D:1)
  5 rats (D:1)
32 creatures vanquished.

Notes
Turn   | Place    | Note
--------------------------------------------------------------
     0 | D:1      | PolkaDot, the Vampire Wizard, began the quest for the Orb.
     0 | D:1      | Reached XP level 1. HP: 11/11 MP: 6/6
    79 | D:1      | Reached skill level 1 in Conjurations
   241 | D:1      | Reached XP level 2. HP: 17/17 MP: 1/8
   687 | D:1      | Reached XP level 3. HP: 7/22 MP: 2/10
  1121 | D:1      | Learned a level 3 spell: Conjure Flame
  1125 | D:1      | Learned a level 3 spell: Mephitic Cloud
  1612 | D:2      | Noticed Ijyb
  1648 | D:2      | Slain by Ijyb

Action                   || total
-------------------------++-------
Melee: Club              ||    44
       Unarmed           ||     1
       Sabre             ||    11
 Cast: Magic Dart        ||    83
       Conjure Flame     ||    13
       Mephitic Cloud    ||     1
 Abil: End Transformatio ||     1
       Bat Form          ||     1
  Use: Scroll            ||     3
       Potion            ||     2
 Stab: Sleeping          ||     1
